 Dungeon Crawl Stone Soup version 0.29-a0-451-gfbfa42419e (webtiles) character file.

Game seed: 17594490398305340218

34 zeratav the Digger (level 3, 0/21 HPs)
             Began as an Octopode Earth Elementalist on May 19, 2022.
             Slain by a goblin
             ... wielding a +0 club
             ... led by Robin
              (4 damage)
             ... on level 2 of the Dungeon.
             The game lasted 00:01:09 (1567 turns).

zeratav the Digger (Octopode Earth Elementalist)    Turns: 1567, Time: 00:01:09

Health: 0/21       AC:  1    Str:  7    XL:     3   Next: 31%
Magic:  5/6        EV: 13    Int: 19    God:
Gold:   38         SH:  0    Dex: 12    Spells: 6/7 levels left

rFire   . . .      SeeInvis .   c - +0 club {mace}
rCold   . . .      Faith    .   (no shield)
rNeg    . . .      Spirit   .   (helmet restricted)
rPois   .          Reflect  .   (no amulet)
rElec   .          Harm     .   (no ring)
rCorr   .          Rampage  .   (no ring)
Will    .....                   (no ring)
Stlth   +++.......              (no ring)
HPRegen 0.07/turn               (no ring)
MPRegen 0.10/turn               (no ring)
                                (no ring)
                                (no ring)

@: no status effects
A: almost no armour, amphibious, 8 rings, camouflage 1, gelatinous body 1,
(nimble swimmer 1), tentacles
a: no special abilities


You were on level 2 of the Dungeon.
You visited 1 branch of the dungeon, and saw 2 of its levels.

You collected 38 gold pieces.


Innate Abilities, Weirdness & Mutations

You cannot wear most types of armour.
You are amphibious.
You can wear up to eight rings at the same time.
Your skin changes colour to match your surroundings (Stealth+).
Your rubbery body absorbs attacks. (AC +1, EV +1)
((You are camouflaged when in or above water. (Stealth+)))
You have tentacles for arms and can constrict up to eight enemies at once.


   Skills:
 - Level 2.0 Dodging
 - Level 2.6 Stealth
 + Level 2.5 Spellcasting
 - Level 1.0 Transmutations
 * Level 3.9 Earth Magic


You had 6 spell levels left.
You knew the following spells:

 Your Spells              Type           Power      Damage    Failure   Level
a - Sandblast             Erth           34%        2d9       3%          1

Your spell library contained the following spells:

 Spells                   Type           Power      Damage    Failure   Level
 Passwall                 Tmut/Erth      9%         N/A       9%          2
 Magic Dart               Conj           8%         1d3       16%         1
 Stone Arrow              Conj/Erth      18%        3d8       22%         3
 Searing Ray              Conj           4%         2d4       24%         2
 Petrify                  Tmut/Erth      11%        N/A       50%         4
 Fulminant Prism          Conj/Hex       1%         3d6       85%         4

Inventory:

Hand Weapons
 c - a +0 club (weapon) {mace}
   (You took it off a goblin on level 1 of the Dungeon)
Missiles
 a - 63 stones {throwing}
Scrolls
 f - a scroll of enchant armour {unknown}
 h - a scroll of teleportation {unknown}
Potions
 b - a potion of magic
 d - 2 potions of flight {unknown}
 e - a potion of heal wounds {unknown}
 g - a potion of might {unknown}
 i - a potion of brilliance {unknown}

Dungeon Overview and Level Annotations

Branches:
Dungeon (2/15)

Altars:

Annotations:
D:2 Robin

# #.# ###.#
### ....#
#.## .####
#..# .##
##.)# ..##
###...# #..#
##...#.#
.#.#
#..###g#
.#.# ##.##
#@# ...#
##.[# #g#
#..## ##..##
#g#
#...####..##


#gg ###...#..## ##g ##....## .# #.<.## .. ##.## .. #.# You could see Robin, 3
hobgoblins and 2 goblins.


Message History

No target in view!
No target in view!
No target in view!
No target in view!
No target in view!
No target in view!
No target in view!
Found a stone staircase leading up.
HP[+2]
Your hp is fully restored (21).
A frilled lizard comes into view.
A kobold comes into view. It is wielding a +0 club.
The frilled lizard hisses angrily.
The frilled lizard closely misses you.
You closely miss the frilled lizard. You grab the frilled lizard.
You squeeze the frilled lizard.
You kill the frilled lizard!
A goblin comes into view. It is wielding a +0 dagger.
The helpless kobold fails to defend itself.
You hit the kobold. You grab the kobold. You tentacle-slap the kobold.
You kill the kobold!
The goblin shouts!
You hear a shout! x3
A hobgoblin comes into view.
Robin and a goblin come into view.
The goblin moves out of view.
Casting: Sandblast (safe; 3% risk of failure)
Confirm with . or Enter, or press ? or * to list all spells.
Aiming: Sandblast (safe; 3% risk of failure)
Press: ? - help, Shift-Dir - straight line, f - goblin
Aim: a goblin, wielding a +0 dagger (74% to hit)
The blast of sand hits the goblin!
You kill the goblin!
Robin shouts!
You hear a shout! x2
Robin throws the goblin at you! The goblin hits you with a club.
HP[-2] MP[-1]
You take 2 damage, and now have 19/21 hp.
You lost 1 mp, and now have 5/6 mp.
Casting: Sandblast (safe; 3% risk of failure)
Confirm with . or Enter, or press ? or * to list all spells.
Aiming: Sandblast (safe; 3% risk of failure)
Press: ? - help, Shift-Dir - straight line, f - goblin
Aim: a goblin, wielding a +0 club (74% to hit)
The blast of sand hits the goblin!
You kill the goblin!
A goblin comes into view. It is wielding a +0 club.
MP[-1]
You lost 1 mp, and now have 4/6 mp.
A goblin and a hobgoblin come into view.
The hobgoblin moves out of view.
You see here a +0 club {mace}.
The goblin shouts!
You hit the hobgoblin. Your grab misses the hobgoblin.
You hear a shout!
The hobgoblin hits you.
A hobgoblin comes into view.
Robin throws the goblin at you!
HP[-3]
You take 3 damage, and now have 16/21 hp.
You hit the hobgoblin.
You kill the hobgoblin!
The goblin hits you but does no damage. Robin throws the goblin at you!
HP[-2]
You take 2 damage, and now have 14/21 hp.
You hit the goblin. You grab the goblin. You constrict the goblin.
You kill the goblin!
The goblin barely misses you.
A hobgoblin comes into view.
The goblin closely misses you. The goblin hits you with a +0 dagger.
* * * LOW HITPOINT WARNING * * *
HP[-4]
You take 4 damage, and now have 10/21 hp.
You closely miss the goblin.
The hobgoblin shouts!
Your grab misses the goblin. Your squeeze misses the goblin.
The goblin barely misses you. The goblin completely misses you.
You closely miss the goblin. Your grab misses the goblin.
Your squeeze misses the goblin. The goblin hits you with a +0 club.
* * * LOW HITPOINT WARNING * * *
Robin closely misses you. The goblin hits you with a +0 dagger.
* * * LOW HITPOINT WARNING * * *
HP[-2] MP[+1]
You take 2 damage, and now have 8/21 hp.
You closely miss the goblin. Your grab misses the goblin.
The goblin hits you with a +0 club.
* * * LOW HITPOINT WARNING * * *
Robin barely misses you. The goblin hits you with a +0 dagger.
* * * LOW HITPOINT WARNING * * *
The goblin hits you but does no damage. x2
HP[-2]
You take 2 damage, and now have 6/21 hp.
You miss the goblin. Your grab misses the goblin.
The goblin hits you with a +0 club.
* * * LOW HITPOINT WARNING * * *
The goblin hits you with a +0 dagger.
* * * LOW HITPOINT WARNING * * *
HP[-2]
You take 2 damage, and now have 4/21 hp.
You hit the goblin. Your grab misses the goblin.
The goblin hits you with a +0 club.
You die...

Action                   || total
-------------------------++-------
Melee: Unarmed           ||     7
       Club              ||    40
       Tentacles         ||    13
       Constrict         ||    12
       Punch             ||     2
 Cast: Sandblast         ||     9
 Stab: Sleeping          ||     4
Armor: Skin              ||     5
Dodge: Dodged            ||    44

Levels and vault maps discovered:
D:1:      ebering_trefoil_3fold, layout_loops_cross, kennysheep_crisscross
D:2:      layout_rooms, hellmonk_ecumenical_altar_pennies_from_heaven,
          kennysheep_generic_room_5, uniq_robin

Notes
Turn   | Place    | Note
-------+----------+-------------------------------------------
     0 | D:1      | zeratav the Octopode Earth Elementalist began the quest for
                  | the Orb.
     0 | D:1      | Reached XP level 1. HP: 11/11 MP: 3/3
     0 | D:1      | magus.rc [v1.9.6]
    26 | D:1      | HP: 1/11 [goblin/+0 club (2)]
   365 | D:1      | You pick up a book of Conjurations {@e2} and begin
                  | reading...
   365 | D:1      | You add the spells Magic Dart, Searing Ray and Fulminant
                  | Prism to your library.
   486 | D:1      | Reached XP level 2. HP: 8/17 MP: 0/5
  1327 | D:2      | Reached XP level 3. HP: 16/21 MP: 4/6
  1556 | D:2      | Noticed Robin
  1566 | D:2      | HP: 5/21 [goblin/+0 club[Robin] (1)]
  1567 | D:2      | Slain by a goblin

Vanquished Creatures
  A worm (D:2)
  2 ball pythons
  A bat (D:1)
  3 endoplasms (D:1)
  6 goblins
  4 hobgoblins
  3 kobolds
  A quokka (D:2)
  3 frilled lizards
  3 rats
27 creatures vanquished.

Table legend:
 A = Non-vault XP
 B = Vault XP
 C = Vault XP percentage of total XP
 D = Non-vault monster count
 E = Vault monster count
 F = Vault count percentage of total count
                 A         B        C        D         E       F
            +---------+---------+-------+---------+---------+-------
      Total |      33 |      16 |  32.7 |      20 |       7 |  25.9
            +---------+---------+-------+---------+---------+-------
        D:1 |      25 |       0 |   0.0 |      14 |       0 |   0.0
        D:2 |       8 |      16 |  66.7 |       6 |       7 |  53.8
            +---------+---------+-------+---------+---------+-------

Illustrated notes

Table legend:
 A = Kills in this place as a percentage of kills in entire the game.
 B = Kills by you in this place as a percentage of kills by you in the entire game.
 C = Kills by friends in this place as a percentage of kills by friends in the entire game.
 D = Other kills in this place as a percentage of other kills in the entire game.
 E = Experience gained in this place as a percentage of experience gained in the entire game.
 F = Experience gained in this place divided by the number of levels of this place that you have seen.
                   A       B       C       D       E      F
               +-------+-------+-------+-------+-------+----------------------
         Total | 100.0 | 100.0 |   N/A |   N/A | 100.0 |  24.5
       Dungeon | 100.0 | 100.0 |   N/A |   N/A | 100.0 |  24.5
               +-------+-------+-------+-------+-------+----------------------

Table legend: (Time is in decaauts)
 A = Elapsed time spent in this place.
 B = Non-inter-level travel time spent in this place.
 C = Inter-level travel time spent in this place.
 D = Time resting spent in this place.
 E = Time spent auto-exploring this place.
 F = Levels seen in this place.
 G = Mean time per level.
                   A        B        C        D        E       F      G
               +--------+--------+--------+--------+--------+-----+--------+
         Total |   1577 |   1535 |     42 |      0 |   1382 |   2 |  788.5 |
       Dungeon |   1577 |   1535 |     42 |      0 |   1382 |   2 |  788.5 |
               +--------+--------+--------+--------+--------+-----+--------+

Top non-repeatable levels by time:
     D:1: 1258 daAuts
     D:2: 319 daAuts
